 Dungeon Crawl Stone Soup version 0.16.2-12-gd0ad4c3 (webtiles) character file.

353 SlimeFever the Chopper (level 6, -2/46 HPs)
             Began as a Demonspawn Gladiator on Nov 21, 2015.
             Killed by nerve-wracking pain
             ... invoked by Menkaure
              (14 damage)
             ... on level 4 of the Dungeon.
             The game lasted 00:17:36 (2483 turns).

SlimeFever the Chopper (Demonspawn Gladiator)       Turns: 2483, Time: 00:17:37

Health: -2/46      AC:  7    Str: 15    XL:     6   Next: 35%
Magic:  6/6        EV: 13    Int:  9    God:
Gold:   94         SH:  0    Dex: 16    Spells: 0 memorised, 5 levels left

rFire  . . .     SeeInvis +     a - +0 war axe
rCold  . . .     Clarity  .     o - +1 ring mail
rNeg   . . .     SustAb   .     (no shield)
rPois  .         Gourm    .     (helmet restricted)
rElec  .         Spirit   .     r - +0 cloak
rCorr  .         Warding  .     (no gloves)
rMut   .         Stasis   .     (no boots)
MR     .....                    (no amulet)
Stlth  +.........               (no ring)
                                u - ring of see invisible

@: not resistant to hostile enchantments, very unstealthy
A: horns 2, demonic guardian 1
a: no special abilities


You were on level 4 of the Dungeon.
You were very hungry.

You visited 1 branch of the dungeon, and saw 4 of its levels.

You collected 94 gold pieces.

Inventory:

Hand weapons
 a - a +0 war axe (weapon)
Missiles
 d - 3 throwing nets (quivered)
 s - 9 poisoned needles
Armour
 o - a +1 ring mail (worn)
 r - a +0 cloak (worn)
Jewellery
 u - a ring of see invisible (left hand)
Magical devices
 h - a wand of random effects (22)
Scrolls
 b - a scroll of magic mapping
 j - 2 scrolls of fog
 k - 2 scrolls of recharging
 l - 4 scrolls of remove curse
 q - 2 scrolls of fear
 y - 2 scrolls of teleportation {unknown}
Potions
 e - a potion of magic {unknown}
 g - a potion of cancellation {unknown}
 n - a potion of haste
 p - 2 potions of invisibility
 t - a potion of heal wounds
 v - a potion of lignification {unknown}
 w - a potion of resistance {unknown}
 x - a potion of degeneration {unknown}
 z - a potion of mutation {unknown}
 A - a potion of agility {unknown}
Comestibles
 c - 2 royal jellies
 f - 2 bread rations
 i - 3 meat rations
 m - a slice of pizza


   Skills:
 + Level 2.4 Fighting
 * Level 4.9 Axes
 + Level 2.0 Throwing
 + Level 1.9 Armour
 + Level 4.1 Dodging
 + Level 0.2 Stealth


You had 5 spell levels left.
You didn't know any spells.

Dungeon Overview and Level Annotations

Branches:
Dungeon (4/15)
 Temple: D:4-7

Altars:
Ru

Annotations:
D:4 Menkaure


Innate Abilities, Weirdness & Mutations

You have a pair of horns on your head.
A weak demonic guardian rushes to your aid.


Message History

Menkaure hits you.
You swap places.
Menkaure closely misses your white imp.
Your white imp hits Menkaure but does no damage.
Your white imp hits Menkaure but does no damage.
Menkaure calls on the powers of darkness!
Your body is wracked with pain!
Your white imp hits Menkaure.
Your white imp freezes Menkaure.
Menkaure resists.
Something hits your white imp!
Your white imp dies!
You hit Menkaure.
Menkaure is moderately damaged.
Menkaure gestures at you while chanting.
Pain shoots through your body!
* * * LOW HITPOINT WARNING * * *
You hit Menkaure but do no damage.
You headbutt Menkaure, but do no damage.
Menkaure is moderately damaged.
Menkaure points at you and mumbles some strange words.
Pain shoots through your body!
You die...

#.#.#..### #.......#
#....#.# ####.####
#.#.##.### #.#
#......#.. #.#
###.####.# #.# #.# #.#
#.# #.# #.#
#######.#####
#.####M####.............
#.#....@....#######.####
#...##.###### #.#...
######.$. #.#.## #####
#.# ## #.. .. ###... ###
. ### ..###### ##..


You could see Menkaure.

Vanquished Creatures
  The ghost of dvd the Insei, an average OpMo (D:4)
  2 hounds (D:4)
  An orc wizard (D:3)
  A worker ant (D:4)
  Ijyb (D:2)
  Jessica (D:2)
  3 adders
  A worm (D:3)
  2 giant geckos
  An ooze (D:3)
  8 orcs
  4 giant cockroaches
  5 hobgoblins
  3 quokkas
  10 bats
  5 giant newts
  10 goblins
  11 kobolds
  A quokka zombie (D:3)
  10 rats
81 creatures vanquished.

Vanquished Creatures (others)
  2 quasits
  An iron imp (D:3)
  2 white imps (D:4)
5 creatures vanquished.

Grand Total: 86 creatures vanquished

Notes
Turn   | Place    | Note
--------------------------------------------------------------
     0 | D:1      | SlimeFever, the Demonspawn Gladiator, began the quest for the Orb.
     0 | D:1      | Reached XP level 1. HP: 16/16 MP: 1/1
   361 | D:1      | Gained mutation: You have a pair of small horns on your head. [demonic ancestry]
   361 | D:1      | Reached XP level 2. HP: 13/22 MP: 2/2
   380 | D:1      | Reached skill level 3 in Dodging
   598 | D:2      | HP: 1/22 [giant gecko (2)]
   605 | D:2      | Gained mutation: A weak demonic guardian rushes to your aid. [demonic ancestry]
   605 | D:2      | Reached XP level 3. HP: 22/27 MP: 3/3
   702 | D:2      | Found a sacrificial altar of Ru.
   707 | D:2      | Noticed Jessica
   752 | D:2      | Killed Jessica
  1015 | D:2      | Reached skill level 1 in Armour
  1055 | D:2      | Noticed Ijyb
  1066 | D:2      | Killed Ijyb
  1066 | D:2      | Reached XP level 4. HP: 29/33 MP: 4/4
  1899 | D:3      | Reached skill level 4 in Axes
  1941 | D:3      | Gained mutation: You have a pair of horns on your head. [demonic ancestry]
  1941 | D:3      | Reached XP level 5. HP: 31/38 MP: 5/5
  2097 | D:4      | Noticed dvd's ghost (average OpMo)
  2115 | D:4      | Killed dvd's ghost
  2115 | D:4      | Reached XP level 6. HP: 25/45 MP: 6/6
  2475 | D:4      | Noticed Menkaure
  2483 | D:4      | Killed from afar by Menkaure

Action                   |  1- 3 |  4- 6 || total
-------------------------+-------+-------++-------
Melee: War axe           |   131 |   131 ||   262
Throw: Throwing net      |       |     1 ||     1
  Use: Scroll            |     4 |     8 ||    12
       Potion            |     2 |       ||     2
 Stab: Distracted        |       |     1 ||     1
  Eat: Bread ration      |       |     1 ||     1
